 Dungeon Crawl Stone Soup version 0.30-a0-451-ge042605de7 (webtiles) character file.

Game seed: 17879859541659137375

3200 PimpSugar the Magician (level 9, -4/66 HPs)
             Began as a Demonspawn Hedge Wizard on Dec 12, 2022.
             Was a Follower of Vehumet.
             Slain by a yak (7 damage)
             ... on level 6 of the Dungeon.
             The game lasted 00:18:30 (6561 turns).

PimpSugar the Magician (Demonspawn Hedge Wizard)    Turns: 6561, Time: 00:18:31

Health: -4/66      AC: 10    Str: 10    XL:     9   Next: 64%
Magic:  19/19      EV: 10    Int: 20    God:    Vehumet [*.....]
Gold:   388        SH:  5    Dex: 17    Spells: 18/22 levels left

rFire   + . .      SeeInvis .    C - +2 quarterstaff (chaos)
rCold   x . .      Faith    .    (shield currently unavailable)
rNeg    . . .      Spirit   .    u - +2 ring mail {Will+}
rPois   .          Reflect  +    c - +0 hat
rElec   .          Harm     .    D - +0 cloak
rCorr   .          Rampage  .    h - +1 pair of gloves
Will    +....                    (no boots)
Stlth   +++.......               v - amulet of reflection
HPRegen 0.31/turn                t - +4 ring of slaying
MPRegen 0.16/turn                f - ring of fire

@: mighty
A: thin skeletal structure 2, powered by pain 3, weakness stinger 2
a: Renounce Religion


You were on level 6 of the Dungeon.
You worshipped Vehumet.
Vehumet was aware of your devotion.
You visited 1 branch of the dungeon, and saw 6 of its levels.

You collected 388 gold pieces.

Inventory:

Hand Weapons
 a - a +0 dagger
 r - a +3 flail of protection
 w - a +4 dagger of venom
 C - a +2 quarterstaff of chaos (weapon)
 H - a +2 whip of flaming
 O - a +2 dagger of speed
Missiles
 e - 44 stones
 m - 4 boomerangs (quivered)
 x - 12 poisoned darts
 z - 2 curare-tipped darts
 K - 10 silver javelins
Armour
 b - a +0 robe
 c - a +0 hat (worn)
 h - a +1 pair of gloves (worn)
 u - a +2 ring mail of willpower (worn)
 D - a +0 cloak (worn)
 R - a +1 leather armour of poison resistance
Magical Staves
 g - a staff of fire
 n - a staff of death
 N - a staff of fire
Jewellery
 f - a ring of fire (right hand)
 k - a ring of ice
 s - an amulet of magic regeneration
 t - a +4 ring of slaying (left hand)
 v - an amulet of reflection (around neck)
 y - a ring of see invisible
 T - an amulet of guardian spirit
Wands
 I - a wand of flame (50)
 J - a wand of roots (13)
 V - a wand of charming (7)
Scrolls
 p - a scroll of magic mapping
 E - a scroll of summoning {unknown}
 G - a scroll of teleportation
 L - 2 scrolls of identify
 P - a scroll of blinking
 Q - a scroll of amnesia {unknown}
 S - a scroll of fear
 W - a scroll of fog {unknown}
Potions
 d - 2 potions of magic
 i - 3 potions of lignification
 j - a potion of mutation
 l - a potion of might
 o - a potion of haste
 A - 2 potions of ambrosia {unknown}
 B - a potion of brilliance {unknown}
 F - a potion of heal wounds {unknown}
 M - a potion of flight {unknown}
 U - a potion of cancellation {unknown}


   Skills:
 + Level 4.5 Fighting
 - Level 1.7 Dodging
 - Level 1.7 Stealth
 * Level 7.1 Spellcasting
 + Level 4.8 Conjurations
 + Level 4.6 Summonings
 + Level 4.2 Translocations
 + Level 4.1 Fire Magic
 + Level 4.6 Evocations


You had 18 spell levels left.
You knew the following spells:

 Your Spells              Type           Power      Damage    Failure   Level
a - Magic Dart            Conj           100%       1d8       3%          1
b - Call Imp              Summ           25%        N/A       5%          2
c - Foxfire               Conj/Fire      100%       2x1d9     4%          1

Your spell library contained the following spells:

 Spells                   Type           Power      Damage    Failure   Level
 Blink                    Tloc           48%        N/A       6%          2
 Freeze                   Ice            28%        1d5       24%         1
 Slow                     Hex            28%        N/A       24%         1
 Hailstorm                Conj/Ice       16%        3d6       26%         3
 Cigotuvi's Dreadful Rot  Necr/Pois/Air  14%        N/A       36%         2
 Mephitic Cloud           Conj/Pois/Air  13%        N/A       36%         3
 Sticky Flame             Conj/Fire      37%        2d6       36%         4
 Ignite Poison            Fire/Tmut/Pois 18%        N/A       38%         3
 Frozen Ramparts          Ice            14%        1d3       58%         3
 Ignition                 Fire           17%        3d7       100%        8


Dungeon Overview and Level Annotations

Branches:
Dungeon (6/15)             Temple (0/1) D:6

Altars:
Fedhas
Hepliaklqana
Vehumet

Shops:
D:3 (*


Innate Abilities, Weirdness & Mutations

You have a moderately thin skeletal structure. (Dex +4, Stealth++)
You are powered by pain.
You have a tail ending in a sharp stinger.


Message History

You barely miss the yak.
The yak is moderately wounded.
The yak gores you.
* * * LOW HITPOINT WARNING * * *
The yak gores you!
* * * LOW HITPOINT WARNING * * *
You see here a yak corpse.
You feel better. You block the yak's attack.
You thump the yak!
The yak is severely wounded.
The yak barely misses you.
You hit the yak but do no damage. You tail-slap the yak.
The yak is almost dead.
The yak gores you.
* * * LOW HITPOINT WARNING * * *
You hit the yak. You burn the yak.
You kill the yak!
Vehumet accepts your kill.
You hit the yak.
The yak flickers and vanishes!
Deactivating autopickup; reactivate with Ctrl-A.
You tail-slap something! Something gores you.
* * * LOW HITPOINT WARNING * * *
You completely miss something. Something gores you but does no damage.
You block something's attack.
You miss something. Something gores you.
* * * LOW HITPOINT WARNING * * *
You barely miss something. Something gores you!
* * * LOW HITPOINT WARNING * * *
You feel better. Something gores you.
* * * LOW HITPOINT WARNING * * *
Okay, then.
Unknown command.
You sock something! You freeze something. Something gores you.
* * * LOW HITPOINT WARNING * * *
You barely miss something.
Your tail-slap misses something.
Something gores you but does no damage. Something gores you.
* * * LOW HITPOINT WARNING * * *
You feel very mighty all of a sudden. Something gores you!
You die...

. .>. #.# #######
#.# #.# ....#.. ...
#.# ###.#.###.# #.#
#.#.#<#.# #.#
#.#.#.#.# #.#
#.#.#...# #.#
#.#.###.#######.##
#.#.........†{@..#
###.#####.##########
....# #.# ....# #.#
....# #.# ....# #.#
....# #.# ....# #.#
....# #.#


There were no monsters in sight!

Vanquished Creatures
  Pikel (D:5)
  Sigmund (D:5)
  5 yaks (D:6)
  Menkaure (D:6)
  Edmund (D:5)
  A water moccasin (D:6)
  An ice beast (D:6)
  A black bear (D:4)
  2 ogres
  A centaur (D:6)
  2 phantoms
  Blork the orc (D:5)
  5 scorpions
  A bullfrog (D:6)
  A necrophage (D:5)
  A howler monkey (D:6)
  2 hounds
  Crazy Yiuf (D:4)
  An iguana (D:5)
  An orc wizard (D:5)
  7 adders
  A shadow imp (D:5)
  A white imp (D:6)
  An ufetubus (D:5)
  2 dart slugs
  14 orcs
  2 endoplasms
  6 giant cockroaches
  8 goblins
  7 hobgoblins
  2 jackals (D:1)
  8 kobolds
  4 quokkas
  8 ball pythons
  3 bats (D:1)
  6 frilled lizards
  3 rats (D:1)
114 creatures vanquished.

Vanquished Creatures (collateral kills)
  2 iguanas
  An orc wizard (D:4)
  4 adders
  A dart slug (D:4)
  An endoplasm (D:1)
  A goblin (D:1)
  A bat (D:1)
  2 kobolds
13 creatures vanquished.

Vanquished Creatures (others)
  32 foxfires (D:6)
  10 plants
42 creatures vanquished.

Grand Total: 169 creatures vanquished

Notes
Turn   | Place    | Note
-------+----------+-------------------------------------------
     0 | D:1      | PimpSugar the Demonspawn Hedge Wizard began the quest for
                  | the Orb.
     0 | D:1      | Reached XP level 1. HP: 13/13 MP: 4/4
   125 | D:1      | Reached skill level 1 in Translocations
   394 | D:1      | Gained mutation: You have a small tail. [demonic ancestry]
   394 | D:1      | Reached XP level 2. HP: 18/19 MP: 3/6
   510 | D:1      | Learned a level 2 spell: Call Imp
  1085 | D:2      | Gained mutation: You have a somewhat thin skeletal
                  | structure. (Dex +2, Stealth+) [demonic ancestry]
  1085 | D:2      | Reached XP level 3. HP: 25/25 MP: 2/7
  1460 | D:2      | Reached skill level 1 in Evocations
  1796 | D:2      | Reached skill level 1 in Fighting
  1796 | D:2      | Gained mutation: You sometimes gain a little power by
                  | taking damage. [demonic ancestry]
  1796 | D:2      | Reached XP level 4. HP: 32/32 MP: 4/9
  2019 | D:2      | Reached skill level 1 in Fire Magic
  2569 | D:3      | Found Raowuri's Assorted Antiques.
  2593 | D:3      | Found Dezech's Antique Weapon Shoppe.
  2705 | D:3      | Found a hazy altar of Hepliaklqana.
  3146 | D:4      | Noticed a scorpion
  3156 | D:4      | Gained mutation: You sometimes gain power by taking damage.
                  | [demonic ancestry]
  3156 | D:4      | Reached XP level 5. HP: 25/37 MP: 0/10
  3241 | D:4      | Reached skill level 4 in Spellcasting
  3304 | D:4      | Noticed an ogre
  3314 | D:4      | Killed an ogre
  3315 | D:4      | Gained mutation: You have a moderately thin skeletal
                  | structure. (Dex +4, Stealth++) [demonic ancestry]
  3315 | D:4      | Reached XP level 6. HP: 44/44 MP: 5/12
  3497 | D:4      | Found a runed translucent door.
  3498 | D:4      | Noticed Crazy Yiuf
  3507 | D:4      | Killed Crazy Yiuf
  3649 | D:4      | Found a radiant altar of Vehumet.
  3702 | D:4      | Became a worshipper of Vehumet
  3819 | D:4      | Gained mutation: You have a tail ending in a sharp stinger.
                  | [demonic ancestry]
  3819 | D:4      | Reached XP level 7. HP: 33/51 MP: 14/14
  4505 | D:4      | Identified a scroll of acquirement
  4505 | D:4      | Acquired a ring of fire
  4649 | D:5      | Entered Level 5 of the Dungeon
  4666 | D:5      | Noticed Edmund
  4689 | D:5      | Killed Edmund
  4690 | D:5      | Reached skill level 5 in Spellcasting
  4813 | D:5      | Noticed Sigmund
  4847 | D:5      | Killed Sigmund
  4848 | D:5      | Gained mutation: You are powered by pain. [demonic
                  | ancestry]
  4848 | D:5      | Reached XP level 8. HP: 23/57 MP: 13/16
  5039 | D:5      | Noticed Pikel
  5051 | D:5      | Killed Pikel
  5052 | D:5      | Reached skill level 6 in Spellcasting
  5063 | D:5      | Noticed Blork the orc
  5069 | D:5      | Killed Blork the orc
  5610 | D:6      | Reached XP level 9. HP: 53/65 MP: 18/18
  5733 | D:6      | Reached * piety under Vehumet
  5733 | D:6      | Offered knowledge of Foxfire by Vehumet.
  5736 | D:6      | Learned a level 1 spell: Foxfire
  5809 | D:6      | Found a staircase to the Ecumenical Temple.
  5925 | D:6      | Noticed Menkaure
  5935 | D:6      | Killed Menkaure
  6270 | D:6      | Found a blossoming altar of Fedhas.
  6546 | D:6      | Reached skill level 7 in Spellcasting
  6557 | D:6      | HP: 2/66 [something (11)]
  6561 | D:6      | Slain by a yak

Illustrated notes

Levels and vault maps discovered:
D:1:      erik_arrival_orb_chamber, layout_basic, serial_bayou_lagoon_a
D:2:      layout_loops_ring, minmay_misc_feat_iff,
          minmay_misc_feat_secret_circle, lexackson_kobold_supper
D:3:      layout_basic, nicolae_tso_carved_into_rock,
          nicolae_hepliaklqana_hippocampus, serial_shops, shop_coins,
          nicolae_shop_waterfront
D:4:      layout_gridville, fiery_altar_vehumet, uniq_crazy_yiuf_cottage
D:5:      layout_basic, uniq_blork_the_orc, uniq_pikel, uniq_sigmund,
          uniq_edmund
D:6:      layout_basic, nicolae_overflow_crystal_walls,
          minmay_temple_entry_trees, minmay_between, uniq_menkaure

Skill      XL: |  1  2  3  4  5  6  7  8  9 |
---------------+----------------------------+-----
Translocations | 1 2 3 4 |  4.2
Evocations     | 1 2 3 4 |  4.6
Fighting       | 1 2 3 4 |  4.5
Fire Magic     | 1 2 3 4 |  4.1
Spellcasting   | 4 5 6 7 |  7.1
Conjurations   | 2 3 4 |  4.8
Summonings     | 2 3 4 |  4.6
Dodging        | |  1.7
Stealth        | |  1.7

Action                   |  1- 3 |  4- 6 |  7- 9 || total
-------------------------+-------+-------+-------++-------
Melee: Staff             |   118 |    52 |       ||   170
       Punch             |     1 |       |       ||     1
       Tailslap          |    10 |    10 |    19 ||    39
       Dagger            |       |    15 |       ||    15
       Quarterstaff      |       |    11 |   172 ||   183
 Cast: Magic Dart        |    50 |    34 |    12 ||    96
       Call Imp          |     7 |     5 |     3 ||    15
       Foxfire           |       |       |    23 ||    23
  Use: Scroll            |     3 |     1 |     7 ||    11
       Potion            |       |       |     6 ||     6
 Stab: Distracted        |     1 |       |       ||     1
       Sleeping          |       |     3 |       ||     3
       Paralysed         |       |       |     3 ||     3
Armor: Robe              |    34 |    14 |     2 ||    50
       Ring mail         |       |       |    55 ||    55
Dodge: Dodged            |   111 |    40 |    66 ||   217
Block: Other             |       |     8 |    38 ||    46
       Reflection        |       |     1 |     1 ||     2

Table legend: (Time is in decaauts)
 A = Elapsed time spent in this place.
 B = Non-inter-level travel time spent in this place.
 C = Inter-level travel time spent in this place.
 D = Time resting spent in this place.
 E = Time spent auto-exploring this place.
 F = Levels seen in this place.
 G = Mean time per level.
                   A        B        C        D        E       F      G
               +--------+--------+--------+--------+--------+-----+--------+
         Total |   6655 |   6363 |    292 |    700 |   3968 |   6 | 1109.2 |
       Dungeon |   6655 |   6363 |    292 |    700 |   3968 |   6 | 1109.2 |
               +--------+--------+--------+--------+--------+-----+--------+

Top non-repeatable levels by time:
     D:4: 1453 daAuts
     D:2: 1097 daAuts
     D:3: 1075 daAuts
     D:1: 1067 daAuts
     D:6: 1010 daAuts
     D:5: 951 daAuts
